Get step-by-step instructions on how to execute this build order below. Start the game timer, and the build order will tick by so you can play in parallel with StarCraft on a second screen or mobile device.

Game Time

  0:00

Last Step

  N/A

Next Step

Upcoming Step



Don't want to look back and forth between 2 screens? Try out our Overwolf App, the Spawning Tool Build Advisor to get an in-game overlay with this build!

Complete Build Order

  12  0:04  Probe (Chrono Boost)  
  14  0:21  Probe (Chrono Boost)  
  14  0:27  Pylon  
  14  0:39  Probe (Chrono Boost)  
  15  0:56  Probe (Chrono Boost)  
  16  1:02  Gateway  
  16  1:13  Probe (Chrono Boost)  
  16  1:15  Assimilator  
  18  1:30  Probe (Chrono Boost)  
  18  1:47  Probe (Chrono Boost)